 Dungeon Crawl Stone Soup version 0.32-a0-441-gaf4921d101 (webtiles) character file.

Game seed: 3616911961476742847

2 Jannitor the Grasshopper (level 1, 0/16 HPs)
             Began as a Coglin Warper on Feb 23, 2024.
             Slain by a kobold
             ... wielding a +0 whip
              (3 damage)
             ... on level 1 of the Dungeon.
             The game lasted 00:00:28 (29 turns).

Jannitor the Grasshopper (Coglin Warper)              Turns: 29, Time: 00:00:29

Health: 0/16       AC:  3    Str: 11    XL:     1   Next: 40%
Magic:  3/3        EV: 11    Int: 12    God:
Gold:   0          SH:  0    Dex: 13    Spells: 3/3 levels left

rFire   . . .        a - +0 hand axe {Constanze}
rCold   . . .        (no shield)
rNeg    . . .        b - +0 leather armour
rPois   .            (no helmet)
rElec   .            (no cloak)
rCorr   .            (no gloves)
SInv    .            (no boots)
Will    .....        (no amulet)
Stlth   +            (no ring)
HPRegen 0.22/turn    (no ring)
MPRegen 0.08/turn

%: no passive effects
@: immotile, revved
A: off-hand wielding, slow wielding, warmup strikes, legs shutdown
a: no special abilities


You were on level 1 of the Dungeon.
You visited 1 branch of the dungeon, and saw 1 of its levels.

Inventory:

Hand Weapons
 a - a +0 hand axe (weapon) {Constanze}
Missiles
 d - 7 darts of dispersal (quivered)
Armour
 b - a +0 leather armour (worn)
Scrolls
 c - a scroll of blinking
Potions
 e - a potion of curing {unknown}


   Skills:
 + Level 2.0 Fighting
 + Level 2.0 Axes
 + Level 0.9 Throwing
 + Level 1.0 Armour
 + Level 1.8 Dodging
 + Level 1.7 Spellcasting
 + Level 3.0 Translocations


You had 3 spell levels left.
You didn't know any spells.
Your spell library contained the following spells:

 Spells                   Type           Power      Damage    Failure   Level
 Blink                    Tloc           16%        N/A       16%         2
 Lesser Beckoning         Tloc           16%        N/A       16%         2
 Teleport Other           Tloc           8%         N/A       32%         3
 Manifold Assault         Tloc           8%         N/A       71%         4
 Vhi's Electric Charge    Tloc/Air       8%         N/A       89%         4


Dungeon Overview and Level Annotations

Branches:
Dungeon (1/15)

Altars:


Innate Abilities, Weirdness & Mutations

You can wield a second weapon in your off-hand.
It takes a long time for you to wield or remove held weapons.
Your first few attacks do less damage.
Attacking and casting redirects power from your legs.


Message History

The stone hits you but does no damage.
You hit the quokka but do no damage.
The quokka is heavily wounded.
The quokka bites you.
You barely miss the quokka.
The quokka is heavily wounded.
The quokka barely misses you. The quokka bites you.
You completely miss the quokka.
The quokka is heavily wounded.
The quokka bites you but does no damage.
You closely miss the quokka.
The quokka is heavily wounded.
The quokka closely misses you.
You hit the kobold but do no damage. You closely miss the quokka.
The quokka misses you. The kobold hits you but does no damage.
The quokka bites you. The kobold barely misses you.
You hit the quokka but do no damage.
The quokka is heavily wounded.
You hit the kobold. The quokka misses you. The kobold barely misses you.
You hit the quokka.
You kill the quokka!
You closely miss the kobold. The kobold hits you with a +0 whip.
Your Armour skill increases to level 1!
You hit the hobgoblin.
The hobgoblin is lightly wounded.
You hit the kobold. The hobgoblin hits you.
* * * LOW HITPOINT WARNING * * *
The kobold hits you but does no damage.
You closely miss the kobold.
The kobold is severely wounded.
You hit the hobgoblin.
The hobgoblin hits you but does no damage.
The kobold hits you but does no damage.
Unknown command.
You closely miss the kobold.
The kobold is severely wounded.
You hit the hobgoblin.
You kill the hobgoblin!
The kobold hits you with a +0 whip.
You die...

....... #......
#...... #...... ######
....... #######.#ß.#
....... #..........#
.....JK####ß..ß..ß...#
#@..'.........<#
......†.###ß..ß..ß...#
......... #..........#
..........#######.#ß.#
........... ######
...#....#.##
........#.#
.......##+#


You could see an endoplasm and a kobold.

Vanquished Creatures
  A goblin (D:1)
  A hobgoblin (D:1)
  A quokka (D:1)
3 creatures vanquished.

Notes
Turn   | Place    | Note
-------+----------+-------------------------------------------
     0 | D:1      | Jannitor the Coglin Warper began the quest for the Orb.
     0 | D:1      | Reached XP level 1. HP: 16/16 MP: 3/3
    27 | D:1      | Reached skill level 1 in Armour
    29 | D:1      | Slain by a kobold

Illustrated notes

Levels and vault maps discovered:
D:1:      elethiomel_arrival_quiet, layout_basic

Skill      XL: |  1 |
---------------+----+-----
Armour         | 1 |  1.0
Fighting       | |  2.0
Axes           | |  2.0
Throwing       | |  0.9
Dodging        | |  1.8
Spellcasting   | |  1.7
Translocations | |  3.0

Action                     || total
---------------------------++-------
  Melee: Hand axe          ||    15
 Armour: Leather armour    ||    13
  Dodge: Dodged            ||    10

Table legend: (Time is in decaauts)
 A = Elapsed time spent in this place.
 B = Non-inter-level travel time spent in this place.
 C = Inter-level travel time spent in this place.
 D = Time resting spent in this place.
 E = Time spent auto-exploring this place.
 F = Levels seen in this place.
 G = Mean time per level.
                   A        B        C        D        E       F      G
               +--------+--------+--------+--------+--------+-----+--------+
         Total |     31 |     31 |      0 |      0 |     12 |   1 |   31.0 |
       Dungeon |     31 |     31 |      0 |      0 |     12 |   1 |   31.0 |
               +--------+--------+--------+--------+--------+-----+--------+

Top non-repeatable levels by time:
     D:1: 31 daAuts
